 Dungeon Crawl Stone Soup version 0.27.0-1-g7a089689b8 (webtiles) character file.

Game seed: 7893852021170751439

380 H0rd4k the Caller (level 6, 0/41 HPs)
             Began as a Barachi Summoner on Aug 6, 2021.
             Succumbed to a kobold brigand's poison
             ... on level 5 of the Dungeon.
             The game lasted 00:14:49 (7564 turns).

H0rd4k the Caller (Barachi Summoner)                Turns: 7564, Time: 00:14:49

Health: 0/41       AC:  2    Str: 10    XL:     6   Next: 75%
Magic:  11/13      EV: 12    Int: 17    God:
Gold:   123        SH:  0    Dex: 12    Spells: 10/14 levels left

rFire    . . .     SeeInvis .   (no weapon)
rCold    . . .     Faith    .   (no shield)
rNeg     . . .     Spirit   .   a - +0 robe
rPois    .         Reflect  .   (no helmet)
rElec    .         Harm     .   (no cloak)
rCorr    .         Rampage  .   (no gloves)
Will     .....                  (no boots)
Stlth    ++........             (no amulet)
HPRegen  0.13/turn              (no ring)
MPRegen  0.13/turn              (no ring)

@: lethally poisoned (0 -> -8), unable to hop, flying, slow
A: amphibious, slowness 1, strong legs 1, +LOS
a: Hop


You were on level 5 of the Dungeon.
You visited 2 branches of the dungeon, and saw 6 of its levels.

You collected 123 gold pieces.

Inventory:

Armour
 a - a +0 robe (worn)
Magical Staves
 o - a staff of death
Jewellery
 q - a ring of see invisible
Wands
 m - a wand of charming (8)
 p - a wand of iceblast (9)
Scrolls
 e - 2 scrolls of identify
 f - 2 scrolls of vulnerability
 h - 2 scrolls of amnesia {unknown}
 i - a scroll of blinking {unknown}
 j - a scroll of enchant weapon {unknown}
 l - a scroll of teleportation {unknown}
 n - a scroll of brand weapon {unknown}
 r - a scroll of summoning {unknown}


   Skills:
 + Level 2.2 Dodging
 - Level 1.7 Stealth
 * Level 4.9 Spellcasting
 * Level 7.2 Summonings
 * Level 2.0 Air Magic


You had 10 spell levels left.
You knew the following spells:

 Your Spells              Type           Power      Damage    Failure   Level
a - Summon Small Mammal   Summ           100%       N/A       1%          1
b - Call Canine Familiar  Summ           28%        N/A       2%          3

Your spell library contained the following spells:

 Spells                   Type           Power      Damage    Failure   Level
 Call Imp                 Summ           28%        N/A       1%          2
 Summon Guardian Golem    Hex/Summ       16%        N/A       10%         3
 Pain                     Necr           16%        1d4       14%         1
 Summon Lightning Spire   Summ/Air       20%        N/A       22%         4
 Mephitic Cloud           Conj/Pois/Air  6%         N/A       32%         3
 Ignite Poison            Fire/Tmut/Pois 4%         N/A       41%         3
 Agony                    Necr           4%         N/A       99%         5
 Blade Hands              Tmut           2%         N/A       99%         5
 Bolt of Magma            Conj/Fire/Erth 2%         4d4       99%         5
 Excruciating Wounds      Necr           2%         N/A       99%         5
 Irradiate                Conj/Tmut      2%         3d14      99%         5
 Dragon Form              Tmut           2%         N/A       100%        7


Dungeon Overview and Level Annotations

Branches:
Dungeon (5/15)             Temple (1/1) D:5

Altars:
Ashenzari
Cheibriados
Dithmenos
Gozag
Hepliaklqana
Kikubaaqudgha
Makhleb
Nemelex Xobeh
Okawaru
Ru
Uskayaw
Vehumet
Wu Jian
Yredelemnul
Zin

Shops:
D:1 (

Annotations:
D:4 exclusion: black bear


Innate Abilities, Weirdness & Mutations

You are amphibious.
You cover ground slowly.
You can hop short distances.
You have an extended range of vision and can be seen from far away.


Message History

Confirm with . or Enter, or press ? or * to list all spells.
A kobold comes into view. It is wielding a +0 dagger.
What are your orders? t - Croak!
Orders for allies: a - Attack new target. r - Retreat! s - Stop attacking. g - Guard the area. f - Follow me.
Anything else - Cancel.
Guard this area!
The kobold brigand throws a poisoned dart.
The poisoned dart hits you!
You are poisoned.
You feel sick.
The kobold brigand throws a poisoned dart.
The poisoned dart hits you!
You are more poisoned.
The kobold brigand throws a poisoned dart.
The poisoned dart hits you!
You are lethally poisoned!
Something barely misses your hound.
* * * LOW HITPOINT WARNING * * *
You feel very sick.
Your hound bites the kobold.
It was a potion of flight.
You feel very buoyant.
You fly up into the air.
* * * LOW HITPOINT WARNING * * *
You feel very sick.
Your hound bites the kobold.
* * * LOW HITPOINT WARNING * * *
You feel very sick.
As you read the scroll labelled KYHEICIEGE, it crumbles to dust.
It is a scroll of identify.
f - 2 scrolls of vulnerability
* * * LOW HITPOINT WARNING * * *
You feel sick.
Your hound barely misses the kobold.
Hop to where?
Press: ? - help, Dir - move target Boing!
You die...

.................#...#
........#.##.........##
######..#.##..........#
#..>.............#
#................##
#...........##....##
#......>.#...#.....##
#......##.......##..#
#....K###..@#......##
#......##..###....##
#.....####.# #...##
#.##..h###.###...#
#.###...#....#)..#
#.#####.K........#
##..##...#.○....###
#..####.##......#
##......###.........


There were no monsters in sight!

Vanquished Creatures
  An orc (D:2)
  A jackal (D:2)
2 creatures vanquished.

Vanquished Creatures (collateral kills)
  A kobold brigand (D:5)
  2 scorpions
  A water moccasin skeleton (D:4)
  A howler monkey (D:5)
  A bullfrog zombie (D:5)
  2 jellies
  2 orc priests
  A bullfrog skeleton (D:4)
  An iguana (D:4)
  2 orc wizards
  4 gnolls (D:4)
  4 adders
  An ufetubus (D:4)
  An adder skeleton (D:4)
  10 orcs
  5 ball pythons
  5 endoplasms
  6 giant cockroaches
  11 goblins
  9 hobgoblins
  14 jackals
  9 kobolds
  2 quokkas
  7 bats
  4 frilled lizards
  9 rats
115 creatures vanquished.

Vanquished Creatures (others)
  6 plants
  7 toadstools (D:5)
13 creatures vanquished.

Grand Total: 130 creatures vanquished

Notes
Turn   | Place    | Note
-------+----------+-------------------------------------------
     0 | D:1      | H0rd4k the Barachi Summoner began the quest for the Orb.
     0 | D:1      | Reached XP level 1. HP: 13/13 MP: 3/3
    52 | D:1      | Reached skill level 5 in Summonings
   353 | D:1      | Reached XP level 2. HP: 19/19 MP: 1/5
   412 | D:1      | Found Potoegh's Antique Weapon Emporium.
  1953 | D:2      | Reached XP level 3. HP: 2/24 MP: 2/7
  1964 | D:2      | Learned a level 3 spell: Call Canine Familiar
  2451 | D:2      | Found a faded altar of an unknown god.
  3164 | D:3      | Reached XP level 4. HP: 30/30 MP: 3/8
  3190 | D:2      | Reached skill level 6 in Summonings
  4663 | D:4      | Reached XP level 5. HP: 35/35 MP: 3/10
  5621 | D:4      | Noticed a black bear
  5903 | D:4      | Reached skill level 1 in Air Magic
  5903 | D:4      | Reached XP level 6. HP: 17/41 MP: 6/12
  6138 | D:5      | Entered Level 5 of the Dungeon
  6172 | D:5      | Found a staircase to the Ecumenical Temple.
  6493 | D:4      | Reached skill level 7 in Summonings
  6802 | Temple   | Entered the Ecumenical Temple
  6941 | D:5      | Found a broken altar of Ashenzari.
  7563 | D:5      | HP: 2/41 [poisoned by a kobold brigand]
  7564 | D:5      | Succumbed to a kobold brigand's poison

Illustrated notes

Levels and vault maps discovered:
D:1:      heliophobic_arrival_enchanted_forest, layout_basic, serial_shops,
          shop, serial_bayou_crossing
D:2:      layout_basic, basic_ecumenical_altar, grunt_ministairs_10
D:3:      layout_basic, minmay_misc_feat_chi
D:4:      black_bear_nest_2, layout_loops_corners
D:5:      cheibrodos_fertilizer, layout_cave_pools, lemuel_tele_altar,
          ashenzari_conservatory_becter, minmay_temple_entry_overgrown
Temple:   nicolae_temple_great_sept

Skill      XL: |  1  2  3  4  5  6 |
---------------+-------------------+-----
Summonings     | 5 6 7 |  7.2
Spellcasting   | 3 4 |  4.9
Air Magic      | 1 2 |  2.0
Dodging        | |  2.2
Stealth        | |  1.7

Action                   |  1- 3 |  4- 6 || total
-------------------------+-------+-------++-------
Melee: Unarmed           |    13 |     3 ||    16
 Cast: Summon Small Mamm |   125 |    85 ||   210
       Call Canine Famil |     1 |    54 ||    55
 Abil: Hop               |     1 |     4 ||     5
  Use: Potion            |       |     5 ||     5
       Scroll            |       |     1 ||     1
Armor: Robe              |     6 |     8 ||    14
Dodge: Dodged            |    37 |    48 ||    85
